 Dungeon Crawl Stone Soup version 0.26-a0-1161-g0398aca569 (webtiles) character file.

Game seed: 4281058702123250087

2913 Roikka the Conjurer (level 10, -2/70 HPs)
             Began as a Human Hedge Wizard on Dec 27, 2020.
             Was a Priest of Vehumet.
             Slain by Erica
             ... wielding a +4 scimitar of flaming
              (10 damage)
             ... on level 8 of the Dungeon.
             The game lasted 00:57:12 (13743 turns).

Roikka the Conjurer (Human Hedge Wizard)           Turns: 13743, Time: 00:57:12

Health: -2/70      AC:  7    Str: 11    XL:     10   Next: 6%
Magic:  16/18      EV: 12    Int: 18    God:    Vehumet [***...]
Gold:   430        SH:  0    Dex: 12    Spells: 3/20 levels left

rFire    x . .     SeeInvis .   b - +2 trident (freeze)
rCold    + . .     Faith    .   (no shield)
rNeg     . . .     Spirit   .   e - +2 leather armour {rPois}
rPois    +         Reflect  .   o - +0 helmet
rElec    .         Harm     .   (no cloak)
rCorr    .         Rampage  .   u - +0 pair of gloves
Will     .....                  (no boots)
Stlth    ++........             (no amulet)
HPRegen  0.21/turn              t - ring of ice
MPRegen  0.16/turn              (no ring)

@: lethally poisoned (-2 -> -6), hasted and slowed
A: no striking features
a: Renounce Religion


You were on level 8 of the Dungeon.
You worshipped Vehumet.
Vehumet was most pleased with you.
You visited 2 branches of the dungeon, and saw 9 of its levels.

You collected 430 gold pieces.

Inventory:

Hand Weapons
 a - a +5 dagger
 b - a +2 trident of freezing (weapon)
Missiles
 f - 24 poisoned darts
Armour
 c - a +0 hat
 e - a +2 leather armour of poison resistance (worn)
 o - a +0 helmet (worn)
 u - a +0 pair of gloves (worn)
 y - a +0 robe
Jewellery
 t - a ring of ice (left hand)
 x - an uncursed ring of poison resistance
Wands
 g - a wand of flame (16)
 l - a wand of digging (8)
 q - a wand of enslavement (4)
 A - a wand of paralysis (6)
 G - a wand of iceblast (3)
 H - a wand of polymorph (9)
Scrolls
 j - a scroll of magic mapping
 m - 7 scrolls of remove curse
 z - 2 scrolls of fog
 D - a scroll of amnesia
 E - 2 scrolls of enchant armour
 F - a scroll of teleportation
Potions
 d - a potion of flight {unknown}
 i - 2 potions of magic {unknown}
 k - 2 potions of lignification
 n - a potion of berserk rage {unknown}
 p - a potion of resistance {unknown}
 r - 2 potions of curing {unknown}
 v - a potion of ambrosia {unknown}
 w - a potion of haste
 B - a potion of brilliance {unknown}
 C - a potion of degeneration {unknown}


   Skills:
 + Level 3.4 Fighting
 - Level 4.0 Armour
 - Level 2.0 Dodging
 - Level 2.0 Stealth
 + Level 5.8 Spellcasting
 + Level 6.3 Conjurations
 + Level 4.7 Summonings
 - Level 1.0 Translocations
 - Level 4.0 Fire Magic
 + Level 3.9 Air Magic
 + Level 3.5 Poison Magic


You had 3 spell levels left.
You knew the following spells:

 Your Spells              Type           Power        Failure   Level
a - Magic Dart            Conj           100%         1%          1
b - Call Imp              Summ           22%          3%          2
c - Conjure Flame         Conj/Fire      23%          1%          3
d - Mephitic Cloud        Conj/Pois/Air  21%          1%          3
e - Slow                  Hex            5%           24%         2
f - Shock                 Conj/Air       92%          1%          1
g - Lightning Bolt        Conj/Air       11%          13%         5

Your spell library contained the following spells:

 Spells                   Type           Power        Failure   Level
 Hailstorm                Conj/Ice       25%          11%         4
 Static Discharge         Conj/Air       23%          1%          3
 Swiftness                Air            19%          4%          2
 Blink                    Tloc           N/A          16%         2
 Airstrike                Air            9%           9%          4


Dungeon Overview and Level Annotations

Branches:
Dungeon (8/15)             Temple (1/1) D:5            Lair (0/6) D:8

Altars:
Dithmenos
Fedhas
Hepliaklqana
Kikubaaqudgha
Makhleb
Nemelex Xobeh
Qazlal
Trog
Vehumet
Wu Jian
Yredelemnul

Annotations:
D:8 exclusion: downstairs, Erica


Message History

You feel sick.
Erica hits you with a +4 scimitar of flaming!
* * * LOW HITPOINT WARNING * * *
Erica burns you.
* * * LOW HITPOINT WARNING * * *
Your white imp gestures at Erica.
The puff of frost misses Erica.
Your white imp barely misses Erica.
Erica mumbles some strange words.
Erica flickers and vanishes!
Deactivating autopickup; reactivate with Ctrl-A.
You barely miss something.
You feel sick. Something barely misses you.
Unknown command.
Really quaff the potion of lignification?
Okay, then.
You feel yourself speed up.
You feel sick.
You hear some strange, mumbled words.
You feel as though you will be slow longer.
Something hits you but does no damage.
You miss something.
You feel sick. Something hits you!
You die...

#@....P# #.# #
##')# #.####
#...# #....'
#...# ######
#..)# # ###)#
#.(## #>({##
###@5# #..##
##..####
#...#.##
##.....#
########
####.####.......
#..##..######
#..#.....# #
##...###..# #


You could see a friendly white imp (summoned).

Vanquished Creatures
  A warg (D:7)
  A water moccasin (D:6)
  4 sky beasts
  An ice beast (D:5)
  An orc warrior (D:6)
  An ogre (D:5)
  3 centaurs
  4 bullfrogs
  A howler monkey (D:5)
  A bullfrog zombie (D:7)
  A centaur zombie (D:6)
  5 hounds
  3 jellies
  A bullfrog skeleton (D:8)
  2 gnoll shamans (D:8)
  4 orc priests
  A centaur skeleton (D:4)
  3 iguanas (D:4)
  4 orc wizards
  3 worker ants
  A hound skeleton (D:8)
  4 adders
  5 gnolls
  2 shadow imps (D:3)
  An adder zombie (D:6)
  A worm (D:2)
  2 dart slugs
  7 leopard geckos
  26 orcs
  6 giant cockroaches
  2 gnoll zombies (D:5)
  11 goblins
  3 hobgoblins
  3 jackals
  3 quokkas
  3 ball pythons
  5 bats
  5 frilled lizards
  13 kobolds
  10 rats
158 creatures vanquished.

Vanquished Creatures (collateral kills)
  2 ogres
  A centaur (D:8)
  A bullfrog (D:8)
  A wyvern skeleton (D:7)
  A centaur zombie (D:5)
  An orc priest (D:6)
  4 hounds
  An orc wizard (D:5)
  2 worker ants
  A worker ant zombie (D:7)
  Robin (D:1)
  3 gnolls
  4 adders
  A shadow imp (D:5)
  An ooze (D:5)
  2 orcs
  2 hobgoblins (D:1)
29 creatures vanquished.

Vanquished Creatures (others)
  An orc warrior (D:6)
  A quokka (D:7)
  6 fungi (D:8)
  10 plants (D:8)
18 creatures vanquished.

Grand Total: 205 creatures vanquished

Notes
Turn   | Place    | Note
-------+----------+-------------------------------------------
     0 | D:1      | Roikka the Human Hedge Wizard began the quest for the Orb.
     0 | D:1      | Reached XP level 1. HP: 13/13 MP: 4/4
   224 | D:1      | Reached XP level 2. HP: 18/20 MP: 0/6
   227 | D:1      | Learned a level 2 spell: Call Imp
   927 | D:1      | Reached XP level 3. HP: 20/25 MP: 0/7
  1300 | D:2      | Reached skill level 1 in Fighting
  1300 | D:2      | Reached skill level 2 in Conjurations
  1555 | D:2      | Found an ancient bone altar of Kikubaaqudgha.
  1638 | D:2      | Found a radiant altar of Vehumet.
  1647 | D:2      | Became a worshipper of Vehumet
  1703 | D:2      | Found a shadowy altar of Dithmenos.
  2013 | D:2      | Reached XP level 4. HP: 13/32 MP: 2/9
  2404 | D:2      | Noticed Robin
  2584 | D:2      | Found a burning altar of Makhleb.
  2632 | D:2      | Learned a level 3 spell: Conjure Flame
  2636 | D:2      | Learned a level 3 spell: Mephitic Cloud
  3318 | D:1      | Killed Robin
  3319 | D:1      | Reached XP level 5. HP: 37/38 MP: 7/10
  3735 | D:2      | Reached skill level 3 in Conjurations
  3878 | D:2      | Reached * piety under Vehumet
  3878 | D:2      | Offered knowledge of Freeze by Vehumet.
  4247 | D:3      | Found a transporter.
  4581 | D:3      | Learned a level 2 spell: Slow
  4884 | D:3      | Found a transporter.
  5076 | D:3      | Reached XP level 6. HP: 44/44 MP: 4/11
  5699 | D:3      | Learned a level 1 spell: Shock
  5945 | D:4      | Reached skill level 4 in Conjurations
  6214 | D:4      | Offered knowledge of Searing Ray by Vehumet.
  6226 | D:4      | Reached ** piety under Vehumet
  6431 | D:4      | Reached XP level 7. HP: 46/51 MP: 7/13
  6506 | D:4      | Reached skill level 1 in Fire Magic
  6555 | D:4      | HP: 1/51 [centaur/arrow (12)]
  7134 | D:4      | Found a blossoming altar of Fedhas.
  7140 | D:4      | Found a stormy altar of Qazlal.
  7376 | D:5      | Entered Level 5 of the Dungeon
  7840 | D:5      | Found an ornate altar of the Wu Jian Council.
  7865 | D:5      | Reached skill level 1 in Armour
  7865 | D:5      | Reached XP level 8. HP: 53/58 MP: 5/14
  8072 | D:5      | Found a basalt altar of Yredelemnul.
  8101 | D:5      | Found a staircase to the Ecumenical Temple.
  8112 | Temple   | Entered the Ecumenical Temple
  8501 | D:5      | Reached skill level 5 in Conjurations
  9195 | D:5      | Found a sparkling altar of Nemelex Xobeh.
  9528 | D:6      | Reached skill level 1 in Air Magic
  9528 | D:6      | Reached skill level 1 in Poison Magic
  9544 | D:6      | Reached XP level 9. HP: 13/63 MP: 16/16
  9838 | D:6      | Reached skill level 5 in Spellcasting
 10056 | D:6      | Offered knowledge of Stone Arrow by Vehumet.
 10063 | D:6      | Learned a level 5 spell: Lightning Bolt
 10238 | D:6      | Reached *** piety under Vehumet
 11530 | D:7      | Reached skill level 6 in Conjurations
 11670 | D:7      | Found a bloodstained altar of Trog.
 13297 | D:8      | Reached XP level 10. HP: 70/70 MP: 13/18
 13446 | D:8      | Found a hazy altar of Hepliaklqana.
 13534 | D:8      | Found a staircase to the Lair.
 13687 | D:8      | Noticed Erica
 13705 | D:8      | Offered knowledge of Hailstorm by Vehumet.
 13743 | D:8      | Slain by Erica

Illustrated notes

Levels and vault maps discovered:
D:1:      dpeg_arrival_orchard, layout_loops_cross
D:2:      layout_loops_ring, old_standard_altar, lemuel_crystal_altar,
          lightli_temple_of_fire, nicolae_overflow_crystal_walls, uniq_robin
D:3:      gammafunk_wand_slinger, layout_basic, chequers_serial_rivers_micro_e,
          minmay_pentomino_pile
D:4:      layout_rooms, grunt_temple_overflow_forces_of_nature
D:5:      layout_loops_ring, lemuel_zombie_altar_yredelemnul,
          kennysheep_mini_moat, old_standard_altar, minmay_temple_entry_trees,
          roderic_malta_cross, kennysheep_nondescript, dk_vineyard_2,
          minmay_increasing_density
D:6:      layout_rooms
D:7:      layout_loops_corners, bloody_trog
D:8:      kennysheep_seaside_town, layout_basic, nzn_hepliaklqana_mist_gate,
          erik_lair_orcish_takeover, interstate_on_off, uniq_erica
Temple:   nicolae_temple_figure_zero

Skill      XL: |  1  2  3  4  5  6  7  8  9 |
---------------+----------------------------+-----
Fighting       | 1 2 3 |  3.4
Conjurations   | 2 3 4 5 6 |  6.3
Summonings     | 2 3 4 |  4.7
Spellcasting   | 4 5 |  5.8
Fire Magic     | 2 3 4 |  4.0
Armour         | 1 3 4 |  4.0
Air Magic      | 1 3 |  3.9
Poison Magic   | 1 3 |  3.5
Dodging        | |  2.0
Stealth        | |  2.0
Translocations | |  1.0

Action                   |  1- 3 |  4- 6 |  7- 9 | 10-12 || total
-------------------------+-------+-------+-------+-------++-------
Melee: Dagger            |    26 |    20 |       |       ||    46
       Trident           |       |     3 |   224 |    28 ||   255
Throw: Dart              |     3 |       |       |       ||     3
 Cast: Magic Dart        |    97 |   201 |   144 |     7 ||   449
       Call Imp          |     2 |    16 |    63 |     5 ||    86
       Shock             |       |       |    17 |       ||    17
       Conjure Flame     |       |       |     2 |       ||     2
       Mephitic Cloud    |       |       |     1 |     1 ||     2
  Use: Potion            |       |     1 |     1 |     3 ||     5
       Scroll            |       |     8 |     9 |     1 ||    18
 Stab: Sleeping          |       |       |     8 |       ||     8
       Distracted        |       |       |     1 |       ||     1
Armor: Robe              |    10 |     9 |       |       ||    19
       Leather armour    |       |     8 |    99 |     5 ||   112
Dodge: Dodged            |    36 |    48 |   178 |    16 ||   278

Table legend: (Time is in decaauts)
 A = Elapsed time spent in this place.
 B = Non-inter-level travel time spent in this place.
 C = Inter-level travel time spent in this place.
 D = Time resting spent in this place.
 E = Time spent auto-exploring this place.
 F = Levels seen in this place.
 G = Mean time per level.
                   A        B        C        D        E       F      G
               +--------+--------+--------+--------+--------+-----+--------+
         Total |  13864 |  13054 |    810 |   4597 |   6004 |   9 | 1540.4 |
       Dungeon |  13842 |  13032 |    810 |   4597 |   6004 |   8 | 1730.2 |
        Temple |     21 |     21 |      0 |      0 |      0 |   1 |   21.0 |
               +--------+--------+--------+--------+--------+-----+--------+

Top non-repeatable levels by time:
     D:3: 2195 daAuts
     D:2: 2105 daAuts
     D:1: 1967 daAuts
     D:5: 1914 daAuts
     D:6: 1825 daAuts
     D:7: 1676 daAuts
     D:4: 1130 daAuts
     D:8: 1027 daAuts
  Temple: 21 daAuts
